Cogmind - Beta 13 @@@ ROGUE MODE // 2024.06.03 @ 08:39:33 // Winter2019/RPGLIKE Player: Haldron Result: Destroyed by U2-H97(R) with Subdweller Laser Performance ------------- Evolutions (0) 0 Regions Visited (2) 400 Robots Destroyed (38) 190 Value Destroyed (815) 815 Prototype IDs (3) 60 Alien Tech Used (0) 0 Bonus (24) 24 TOTAL SCORE: 1489 Bonus ------- High Alert Combat Kills 24 Cogmind --------- Core Integrity 0/1000 Matter 441/500 Energy 250/250 System Corruption 0% Temperature Cool (6) Movement Core (100) Ox1 Location -10/Subcaves Parts ------- > --- POWER (1) -------- Ion Engine > --- PROPULSION (2) --- (None) > --- UTILITY (3) ------ High-capacity Matter Pod Seismic Detector Tractor Beam > --- WEAPON (2) ------- Battle Cannon Battle Cannon > --- INVENTORY (3) ---- Makeshift Hacking Suite Grenade Launcher Mining Laser Peak State ------------ > --- POWER ------------ Ion Engine > --- PROPULSION ------- Flight Unit Flight Unit > --- UTILITY ---------- High-capacity Matter Pod Seismic Detector Tractor Beam > --- WEAPON ----------- Subdweller Laser Battle Cannon > --- INVENTORY -------- Makeshift Hacking Suite Grenade Launcher Mining Laser [Rating: 10] Favorites ----------- Power Ion Engine Engine Ion Engine Propulsion Flight Unit Leg Aluminum Leg Flight Unit Flight Unit Utility Tractor Beam Device Tractor Beam Storage High-capacity Matter Pod Protection Power Shielding Weapon Battle Cannon Energy Gun Small Laser Energy Cannon Beam Cannon Ballistic Gun Assault Rifle Ballistic Cannon Battle Cannon Launcher Grenade Launcher Special Weapon Mining Laser Build | -11 -10 -10 ------- Run | Yrd Mat Sub Slots Evolved 4 | 1 3 . Power . | . . . Propulsion 1 | . 1 . Utility 2 | . 2 . Weapon 1 | 1 . . Parts Attached 34 | 5 15 14 Power 2 | 1 1 . Engine 2 | 1 1 . Core . | . . . Reactor . | . . . Propulsion 3 | 1 2 . Treads . | . . . Leg 1 | 1 . . Wheel . | . . . Hover . | . . . Flight 2 | . 2 . Utility 6 | 1 4 1 Device 3 | 1 2 . Storage 2 | . 1 1 Processor . | . . . Hackware . | . . . Protection 1 | . 1 . Artifact . | . . . Weapon 23 | 2 8 13 Energy Gun 2 | 1 . 1 Energy Cannon 4 | . 2 2 Ballistic Gun 2 | 1 1 . Ballistic Cannon 8 | . 2 6 Launcher 2 | . 2 . Special Weapon 5 | . 1 4 Impact Weapon . | . . . Slashing Weapon . | . . . Piercing Weapon . | . . . Special Melee Weapon . | . . . Unidentified Prototypes . | . . . Parts Lost 2 | . . 2 Power . | . . . Propulsion 2 | . . 2 Utility . | . . . Weapon . | . . . Highest Loss Streak 1 | . . 1 To Critical Strikes . | . . . Average Slot Usage (%) 96 | . 99 94 Engine 12 | . 13 12 Flight 21 | . 24 19 Device 25 | . 26 25 Storage 6 | . 1 11 Protection 1 | . 4 . Energy Gun 1 | . 1 . Energy Cannon 6 | . 11 1 Ballistic Gun 1 | . 3 . Ballistic Cannon 15 | . 9 20 Special Weapon 1 | . . 2 Naked Turns . | . . . Heaviest Build 22 | 9 17 22 Greatest Support 18 | 10 18 18 Greatest Overweight (x) 2 | 2 . 1 Average Overweight (x) . | . . . Largest Inventory Capacity 3 | . 2 3 Average Capacity 2 | . 1 2 Most Carried 3 | . 2 3 Average Carried 2 | . 1 2 Final Capacity 3 | . 2 3 Final Carried 3 | . 2 3 Class Distribution -------------------- 100% | Mutant Dominant Class ---------------- Mutant | -10/Materials Mutant | -10/Subcaves Resources | -11 -10 -10 ----------- Run | Yrd Mat Sub Matter Collected 1324 | 262 502 560 Remotely 1068 | 10 502 556 Salvage Created 771 | 93 444 234 Parts 65 | 1 52 12 Haulers Intercepted 2 | . 2 . Recyclers Shooed . | . . . Parts Field Recycled . | . . . Retrieved Matter . | . . . Parts Self-Destructed 5 | . . 5 Prevented . | . . . Kills | -11 -10 -10 ------- Run | Yrd Mat Sub Combat Hostiles Destroyed 29 | . 18 11 Guns 3 | . 3 . Cannons 23 | . 12 11 AOE 3 | . 3 . Classes Destroyed 8 | 1 6 1 Worker 1 | . 1 . Builder 2 | . 2 . Hauler 2 | . 2 . Recycler 1 | 1 . . Watcher 3 | . 3 . Swarmer 12 | . 9 3 Grunt 9 | . 9 . Subdweller 8 | . . 8 Best Kill Streak 6 | 1 6 3 Combat Bots Only 4 | . 4 3 Max Kills in Single Turn 3 | 1 3 1 Gunslinging . | . . . Exploded 2 | . 2 . Melee . | . . . Uniques/NPCs Destroyed . | . . . Combat | -11 -10 -10 -------- Run | Yrd Mat Sub Hostile Shots Fired 125 | . 30 95 Missed 39 | . 9 30 Damage Taken 1468 | . 198 1270 Core 1197 | . 156 1041 Absorbed by Shields . | . . . Redirected to Core 923 | . 125 798 Core Remaining (%) 100 | 100 . . Volleys Fired 132 | 4 49 79 Largest 2 | 2 2 2 Hottest 115 | 60 100 115 Shots Fired 228 | 8 86 134 Gun 38 | 8 23 7 Cannon 174 | . 57 117 Launcher 2 | . 2 . Special 14 | . 4 10 Kinetic 142 | 4 37 101 Thermal 84 | 4 47 33 Explosive 2 | . 2 . Electromagnetic . | . . . Robot Hit Streak 18 | 4 12 18 Robot Miss Streak 4 | 1 4 2 Penetration Max . | . . . Secondary Targets . | . . . Shots Hit Robots 146 | 6 46 94 Core Hits 53 | 2 29 22 Critical Kills . | . . . Critical Parts Destroyed . | . . . Critical Strikes 4 | . . 4 Blast 4 | . . 4 Melee Attacks . | . . . Impact . | . . . Slashing . | . . . Piercing . | . . . Sneak Attacks . | . . . Combat Hostiles . | . . . Follow-up Attacks . | . . . Damage Inflicted 2947 | 70 974 1903 Guns 186 | 70 73 43 Cannons 2580 | . 720 1860 Explosions 157 | . 157 . Melee . | . . . Ramming . | . . . Kinetic 1870 | 37 331 1502 Thermal 920 | 33 486 401 Explosive 157 | . 157 . Electromagnetic . | . . . Impact . | . . . Slashing . | . . . Piercing . | . . . Highest Corruption . | . . . Average Corruption . | . . . Corruption Purged . | . . . Corruption Blocked . | . . . Overload Shots . | . . . Overflow Damage 18 | . 18 . Projectiles . | . . . Explosions 18 | . 18 . Melee . | . . . Knockbacks 17 | . 5 12 Impact . | . . . Kinetic 17 | . 5 12 Secondary . | . . . Self-Inflicted Damage . | . . . Shots . | . . . Rammed . | . . . Targets Rammed . | . . . Kicked . | . . . Crushed . | . . . Highest Temperature 216 | . 216 . Average Temperature 63 | . 63 . Received Heat Transfer 372 | . 54 318 Siege Activations . | . . . Robots Corrupted . | . . . Combat Hostiles . | . . . Parts Fried . | . . . Impact Corruptions . | . . . Robots Melted . | . . . Combat Hostiles . | . . . Parts Melted . | . . . Heat Transferred 1607 | 75 1001 531 Parts Sabotaged . | . . . Parts Stolen . | . . . Parts Stripped . | . . . Power Chain Reactions . | . . . Alert | -11 -10 -10 ------- Run | Yrd Mat Sub Peak Influence 492 | 5 492 . Initial 3 | . 3 . Average 283 | 1 303 . Maximum Alert Level 2 | . 2 . Low Security (%) 23 | 100 18 . Level 1 62 | . 66 . Level 2 13 | . 14 . Level 3 . | . . . Level 4 . | . . . Level 5 . | . . . High Security . | . . . Max Security . | . . . Squads Dispatched 5 | . 5 . Investigation 5 | . 5 . Extermination . | . . . Reinforcement . | . . . Assault . | . . . Garrison . | . . . Intercept . | . . . Searches Triggered . | . . . Construction Impeded . | . . . Haulers Reinforced . | . . . Active Scanning Responses . | . . . Cargo Convoy Interrupts . | . . . Stealth | -11 -10 -10 --------- Run | Yrd Mat Sub Distress Signals . | . . . Communications Jammed . | . . . Distress Signals . | . . . Times Spotted 32 | . 16 16 Peak Tracking Total 3 | . 3 3 Tactical Retreats 2 | . . 2 Traps | -11 -10 -10 ------- Run | Yrd Mat Sub Traps Triggered 1 | . 1 . Indirectly . | . . . Trap Hack Attempts . | . . . Triggered . | . . . Disarmed . | . . . Reprogrammed 3 | . 3 . Reused . | . . . Traps Extracted . | . . . Installed . | . . . Triggered . | . . . Machines | -11 -10 -10 ---------- Run | Yrd Mat Sub Machines Disabled 1 | . 1 . Max in Single Turn 1 | . 1 . Machines Repaired . | . . . Machines Dismantled . | . . . Machines Sabotaged . | . . . Overloaded Fab Kills . | . . . Hacking | -11 -10 -10 --------- Run | Yrd Mat Sub Machines Accessed 10 | . 9 1 Terminals 8 | . 8 . Fabricators . | . . . Repair Stations . | . . . Recycling Units 1 | . 1 . Scanalyzers . | . . . Garrison Access . | . . . Total Hacks 42 | . 39 3 Successful 28 | . 25 3 Failed 13 | . 13 . Catastrophic 1 | . 1 . Database Lockouts 1 | . 1 . Manual 29 | . 29 . Terminals 38 | . 38 . Fabricators . | . . . Repair Stations . | . . . Recycling Units 1 | . 1 . Scanalyzers . | . . . Garrison Access . | . . . Terminal Hacks 16 | . 13 3 Record 4 | . 1 3 Robot Analysis 2 | . 2 . Prototype ID Bank 2 | . 2 . Level Access Points 1 | . 1 . Alert Level 1 | . 1 . Locate Traps 3 | . 3 . Reprogram Traps 1 | . 1 . Surveillance Status 1 | . 1 . Hauler Manifests 1 | . 1 . Fabricator Hacks . | . . . Repair Station Hacks . | . . . Recycling Unit Hacks . | . . . Scanalyzer . | . . . Garrison Access Hacks . | . . . Unauthorized Hacks 12 | . 12 . Terminals 11 | . 11 . Track 2 | . 2 . Assimilate 2 | . 2 . Botnet 5 | . 5 . Operators 2 | . 2 . Fabricators . | . . . Repair Stations . | . . . Recycling Units 1 | . 1 . Tunnel 1 | . 1 . Scanalyzers . | . . . Garrison Access . | . . . Data Cores Recovered . | . . . Used . | . . . Hacking Detections 7 | . 7 . Full Trace Events 6 | . 6 . Feedback Events . | . . . Feedback Blocked . | . . . Robot Schematics Acquired . | . . . Robots Built . | . . . Authchips . | . . . Time . | . . . Total Robot Build Rating . | . . . Part Schematics Acquired . | . . . Parts Built . | . . . Authchips . | . . . Time . | . . . Total Part Build Rating . | . . . Parts Repaired . | . . . Time . | . . . Parts Recycled . | . . . Recycled Matter . | . . . Retrieved Matter . | . . . Retrieved Components . | . . . Parts Scanalyzed . | . . . Part Schematics Acquired . | . . . Parts Damaged . | . . . Bothacking | -11 -10 -10 ------------ Run | Yrd Mat Sub Used RIF Installer . | . . . Robots Hacked . | . . . Non-combat . | . . . Combat . | . . . Robot Hacks Applied . | . . . Relay Couplers Released . | . . . Fabnet Peak Effective % . | . . . Robots Rewired . | . . . Allies Hacked . | . . . Hacks Repelled . | . . . Allies | -11 -10 -10 -------- Run | Yrd Mat Sub Total Allies 1 | . 1 . Largest Group 1 | . 1 1 Highest-Rated Group 10 | . 10 10 Highest-Rated Ally 10 | . 10 10 Total Orders 6 | . 2 4 STAY 3 | . 1 2 FOLLOW 3 | . 1 2 Ally Attacks . | . . . Total Damage . | . . . Kills . | . . . Allies Corrupted . | . . . Allies Melted . | . . . Intel | -11 -10 -10 ------- Run | Yrd Mat Sub Robot Analysis Total 2 | . 2 . Derelict Logs Recovered 3 | . . 3 Drone Launches . | . . . Drone Recoveries . | . . . Exploration | -11 -10 -10 ------------- Run | Yrd Mat Sub Turns Passed 2047 | 65 921 1061 Spaces Moved 2763 | 39 1378 1346 Core 13 | 13 . . Treads . | . . . Legs 52 | 26 26 . Wheels . | . . . Hover . | . . . Flight 2698 | . 1352 1346 Fastest Speed 37 | 50 37 37 Average Speed 48 | 118 38 57 Slowest Speed 150 | 150 120 120 Overloaded Moves . | . . . Propulsion Burnouts . | . . . Robots Hopped 5 | . 5 . Cave-ins Triggered . | . . . Exploration Rate (%) 57 | 4 99 69 Regions Visited 2 Branch Regions 1 Pre-discovered Areas 3 | . 1 2 Known Exits Taken . | . . . Unknown Exits Taken 2 | 1 1 . Scrap Searched 4 | . . 4 Spaces Dug . | . . . Terrain Destroyed 17 | . 17 . Melee . | . . . Projectile . | . . . AOE 17 | . 17 . Terrain Rammed . | . . . Walls Destroyed . | . . . Machines Disabled . | . . . Actions | -11 -10 -10 --------- Run | Yrd Mat Sub Total 3192 | 47 1664 1481 Wait 231 | . 204 27 Move 2752 | 38 1368 1346 Hop 4 | . 4 . Pick Up 7 | . 4 3 Fast Attach 17 | 5 7 5 Attach 1 | . 1 . Detach 2 | . . 2 Swap 16 | . 7 9 Drop 14 | . 7 7 Fire 132 | 4 49 79 Melee . | . . . Ram . | . . . Kick . | . . . Crush . | . . . Escape Stasis . | . . . Rewire . | . . . Trap . | . . . Miscellaneous 16 | . 13 3 Route ------- -11/Scrapyard -10/Materials (discovered 5 exits: *Mat x3 / [*Min] / *Sub) -10/Subcaves History --------- Turn | Location | Event 4 | -11/Scrapyard | Upgraded with Weapon slot (x1) 25 | -11/Scrapyard | Discovered new exit (range 15) 66 | -11/Scrapyard | Entered Materials 126 | -10/Materials | Upgraded with Propulsion slot (x1) 130 | -10/Materials | Upgraded with Utility slot (x1) 168 | -10/Materials | Discovered new exit (range 8) 216 | -10/Materials | Discovered new exit (range 3) 228 | -10/Materials | Discovered new exit (range 13) 315 | -10/Materials | Build established: Mutant 337 | -10/Materials | Discovered new exit (range 5) 564 | -10/Materials | Reached level 2 575 | -10/Materials | Upgraded with Utility slot (x1) 689 | -10/Materials | Central database locked down 876 | -10/Materials | Identified exit to Materials 960 | -10/Materials | Discovered new exit (range 3) 987 | -10/Materials | Entered Subcaves 987 | -10/Subcaves | Accompanied by 1 ally 989 | -10/Subcaves | Reached level 3 1000 | -10/Subcaves | Learned location of Zion (-6) 1000 | -10/Subcaves | Met a Zionite searching for "candidates" 1043 | -10/Subcaves | Shifting Twisted Machinery released Sub. Beam Cannon 1046 | -10/Subcaves | Shifting Twisted Machinery released Sub. Beam Cannon 1087 | -10/Subcaves | Learned Materials stockpile data 1188 | -10/Subcaves | Disturbed a concealed Subdweller 1214 | -10/Subcaves | Ambushed by Subdwellers from Twisted Machinery 1303 | -10/Subcaves | Shifting Twisted Machinery released Scrap Shield 1306 | -10/Subcaves | Shifting Twisted Machinery released Sub. Power Source 1357 | -10/Subcaves | Core integrity fell below 50% 1502 | -10/Subcaves | Shifting Twisted Machinery released Sub. Monowheel 1538 | -10/Subcaves | Core integrity fell below 20% 1566 | -10/Subcaves | Visited Clippyterm 1567 | -10/Subcaves | Learned location of Section 7 (-3) 1630 | -10/Subcaves | A swath of the cavern ceiling suddenly collapsed 1791 | -10/Subcaves | Learned 2 Materials zone layouts 2048 | -10/Subcaves | Destroyed by U2-H97(R) with Subdweller Laser Last Messages --------------- 01617_ Used Protomatter to restore core integrity (+3, depleted) 01630_ 14 Matter crushed. A swath of the cavern ceiling suddenly collapses. 01634_ Subatomizers dissect the Cobbler Unit. 01635_ Acquired 56 matter. 01637_ Acquired 12 matter. 01638_ Upgraded: Core Integrity (+200) 01639_ Dropped Hcp. Matter Pod. 01642_ Acquired Hcp. Matter Pod. 01663_ Acquired 5 matter. 01682_ Acquired 9 matter. 01695_ Acquired 15 matter. 01791_ Acquired derelict log, extracted data. Data stored: Materials zone layouts (x2). 01796_ PG-AI7(u) tweaks Twisted Machinery. 02031_ U2-H97(R) knocked back. 02041_ Acquired 7 matter. 02041_ Acquired 4 matter. 02042_ Acquired 5 matter. 02042_ Flight Unit destroyed. Map ----- +----------------------------------------------------+ | ## #???### ??????????# #???????????? | | ## #?????# #?????????? ???????????? | | ### #????? ##?????????? ??????????? | | ## ##?# ##???? ##??????????? ??????????? | | #####?## #??? #???????????? ####?????????? | | #??#### #??? ##???????????###????????????? | | ??## ##?? ???????????????????????????? | | ??# ##??# ????????????????????????????? | | ?## #??# ??????????????????????????????? | | ?# ##?# #???????????????????????????????? | | ## ##?# #????????????????????????????????? | | ## ### ##???????????????????????????????? | | ## #???????????????????????????????? | | # #???????????? ??????????????????? | | ### #??????????? ????????????????? | | ##????#??????????? #????????????????? | | ### ##??????????????# #????????????????? | | #### #???????????### ????????????????? | | ##### #??????????? ?????????????????? | | ##### ##??????????" ??????????????????? | | ### " #???###????" #??????????????????? | | ### ####???# #????" ##?????????????????? | | # ##?# #?????## ##???"" ##????????????????? | | # ##?# ##????# ###?#""" ####?????????????? | | # ### #??### ###""" #?????????????? | | # % ## ## #### "R @ R" #?????????????? | | ## ### ## ##" "" ""### ##?????????????? | | ?#### # """##????????????????????? | | ????##### ### #######?????????????????????? | | ????????#######?######???????????????????????????? | | ?????????????????????????????????????????????????? | | ?????????????????????????????????????????????????? | | ?????????????????????????????????????????????????? | | ?????????????????????????????????????????????????? | | ?????????????????????????????????????????????????? | | ?????????????????????????????????????????????????? | | ?????????????????????????????????????????????????? | | ?????????????????????????????????????????????????? | | ?????????????????????????????????????????????????? | | ?????????????????????????????????????????????????? | | ?????????????????????????????????????????????????? | | ?????????????????????????????????????????????????? | | ?????????????????????????????????????????????????? | | ?????????????????????????????????????????????????? | | | | | | | | | | | | | +----------------------------------------------------+ Best States ------------- Heat Dissipation 43 Energy Generation 10 Energy Capacity 250 Matter Stores 500 Matter Capacity 500 Sight Range 18 Robot Scan Range 14 Terrain Scan Density 10 Power Shielding 33 Evasion (%) 62 Item Schematics ----------------- None Robot Schematics ------------------ None Fabricated ------------ Nothing Alien Tech Used ----------------- None Achievements -------------- None Challenges ------------ None RPGLIKE | -11 -10 -10 --------- Run | Yrd Mat Sub Levels Raised 2 | . 1 1 XP Earned 6922 | 3000 2572 1350 XP Spent 5990 | 500 3810 1680 Upgrades 23 | 1 13 9 Propulsion Slot 1 | . 1 . Utility Slot 2 | . 2 . Weapon Slot 1 | 1 . . Core Integrity 8 | . 4 4 Heat Dissipation 3 | . . 3 Mass Support 2 | . 2 . Inventory Capacity 3 | . 2 1 Sight Range 2 | . 2 . Ranged Accuracy 1 | . . 1 Protomatter Created 205 | . 159 46 Integrity Restored 223 | . 190 33 Core 189 | . 156 33 Parts 34 | . 34 . Protomatter Decayed 121 | . 84 37 Game ------ Seed NeutronAluminumLaser Manual? 0 Play Time 00:43:37 Cumulative 179.0 hours Start 2024.06.03 @ 07:54:05 End 2024.06.03 @ 08:39:33 Sessions 1 Manual Loads 0 Difficulty Rogue Special Mode Winter2019/RPGLIKE Game No. 53 Rogue 48 Adventurer 4 Explorer 1 Win Type - Total 3 Types 1/0/1/1/0/0/0/0/0 Lore% 40 Gallery% 60 Achievement% 44 Wizard Run 0 Options --------- Layout 0 ASCII 0 Keyboard 0 Movement Mouse Keybinds 0 Fullscreen 1 Font 24/Smallcaps Map View 76x50 Zoom Use 0% Tactical HUD 1 Map Filters NONE Filters NONE Steam X RUN: d3aefd17-727b-42c9-a837-77a01ecd2e5d